 Dungeon Crawl Stone Soup version 0.28-a0-751-gef3a642a4e (webtiles) character file.

Game seed: 17645280399900724175

2 Ahmedlingzor the Conjurer (level 1, 0/14 HPs)
             Began as a Draconian Conjurer on Oct 30, 2021.
             Slain by a bat (1 damage)
             ... on level 1 of the Dungeon.
             The game lasted 00:00:42 (113 turns).

Ahmedlingzor the Conjurer (Draconian Conjurer)       Turns: 113, Time: 00:00:42

Health: 0/14       AC:  4    Str:  9    XL:     1   Next: 25%
Magic:  2/3        EV: 12    Int: 18    God:
Gold:   0          SH:  0    Dex:  9    Spells: 3/4 levels left

rFire   . . .      SeeInvis .   (no weapon)
rCold   . . .      Faith    .   (no shield)
rNeg    . . .      Spirit   .   (armour unavailable)
rPois   .          Reflect  .   (helmet restricted)
rElec   .          Harm     .   (no cloak)
rCorr   .          Rampage  .   (no gloves)
Will    .....                   (no boots)
Stlth   ++........              (no amulet)
HPRegen 0.04/turn               (no ring)
MPRegen 0.08/turn               (no ring)

@: no status effects
A: AC +4, unfitting armour, cold-blooded
a: no special abilities


You were on level 1 of the Dungeon.
You visited 1 branch of the dungeon, and saw 1 of its levels.

Inventory:

Scrolls
 a - a scroll of fear {unknown}


   Skills:
 + Level 1.7 Dodging
 + Level 1.8 Stealth
 + Level 2.0 Spellcasting
 + Level 4.0 Conjurations


You had 3 spell levels left.
You knew the following spells:

 Your Spells              Type           Power      Damage    Failure   Level
a - Magic Dart            Conj           64%        1d6       3%          1

Your spell library contained the following spells:

 Spells                   Type           Power      Damage    Failure   Level
 Searing Ray              Conj           32%        2d5       5%          2
 Dazzling Flash           Conj/Hex       18%        N/A       24%         3
 Fulminant Prism          Conj/Hex       4%         3d6       61%         4
 Iskenderun's Mystic Bla  Conj/Tloc      9%         2d4       61%         4


Dungeon Overview and Level Annotations

Branches:
Dungeon (1/15)

Altars:


Innate Abilities, Weirdness & Mutations

Your plain brown scales are hard. (AC +4)
You cannot fit into any form of body armour.
You are cold-blooded and may be slowed by cold attacks.


Message History

The bat hits you but does no damage. The bat barely misses you. x2
You closely miss the bat.
Your tail-slap misses the bat.
The bat is moderately wounded.
The bat misses you. The bat closely misses you.
You barely miss the bat.
The bat is moderately wounded.
The bat hits you but does no damage. The bat hits you but does no damage.
You hit the bat but do no damage.
The bat is moderately wounded.
The bat barely misses you. The bat hits you.
* * * LOW HITPOINT WARNING * * *
You barely miss the bat. The bat barely misses you.
You barely miss the bat. The bat hits you but does no damage.
The bat closely misses you.
You barely miss the bat. The bat hits you but does no damage.
The bat hits you but does no damage.
You are too injured to fight recklessly!
You hit the bat.
The bat is moderately wounded.
The bat closely misses you. The bat misses you.
You barely miss the bat.
The bat is moderately wounded.
The bat closely misses you. The bat barely misses you.
The bat hits you but does no damage.
You miss the bat.
The bat is moderately wounded.
The bat hits you but does no damage. The bat misses you.
You closely miss the bat.
The bat is moderately wounded.
The bat hits you but does no damage.
You barely miss the bat.
The bat is moderately wounded.
The bat hits you but does no damage. x2
You barely miss the bat.
The bat is moderately wounded.
The bat hits you.
You die...

..... .... ...# ...###.
############### .......
............... .......
.######.############.......
.# #..###....@b.).......
.#######..##.#############.
...........#.#
..⌠.⌠.⌠...##.#
.........###.# ...⌠.⌠..##
#.# .......## #.# ....⌠..#
#.# ......######.#


You could see a bat.

Vanquished Creatures
  An endoplasm (D:1)
  A kobold (D:1)
2 creatures vanquished.

Notes
Turn   | Place    | Note
-------+----------+-------------------------------------------
     0 | D:1      | Ahmedlingzor the Draconian Conjurer began the quest for the
                  | Orb.
     0 | D:1      | Reached XP level 1. HP: 14/14 MP: 3/3
   113 | D:1      | Slain by a bat

Illustrated notes

Levels and vault maps discovered:
D:1:      eino_arrival_cavern_a, layout_basic

Action                   || total
-------------------------++-------
Melee: Unarmed           ||    26
 Cast: Magic Dart        ||     3
Armor: Skin              ||    17
Dodge: Dodged            ||    25

Table legend: (Time is in decaauts)
 A = Elapsed time spent in this place.
 B = Non-inter-level travel time spent in this place.
 C = Inter-level travel time spent in this place.
 D = Time resting spent in this place.
 E = Time spent auto-exploring this place.
 F = Levels seen in this place.
 G = Mean time per level.
                   A        B        C        D        E       F      G
               +--------+--------+--------+--------+--------+-----+--------+
         Total |    118 |    118 |      0 |      0 |     65 |   1 |  118.0 |
       Dungeon |    118 |    118 |      0 |      0 |     65 |   1 |  118.0 |
               +--------+--------+--------+--------+--------+-----+--------+

Top non-repeatable levels by time:
     D:1: 118 daAuts
